[Event "December 12 Early 2023"]
[Site "https://www.chess.com"]
[Date "2023.12.12"]
[Round "8"]
[White "Petrukhina, Olga"]
[Black "Koridze, Lile"]
[Result "0-1"]
[Board "142"]
[TimeControl "180+1"]
[WhiteFideId "13703935"]
[BlackFideId "13612514"]
[WhiteElo "2227"]
[BlackElo "2354"]
[WhiteTeam "KAZ"]
[BlackTeam "GEO"]
[WhiteClock "0:00:00"]
[BlackClock "0:00:51"]

1. Nf3 Nf6 2. g3 b5 3. Na3 b4 4. Nc4 d5 5. Nce5 Bb7 6. d4 e6 7. Ng5 Qe7 8. Ngxf7 Rg8 9. Ng5 Nbd7 10. Ngf3 O-O-O 11. Bg2 g5 12. Bxg5 Bg7 13. Nxd7 Qxd7 14. Ne5 Qb5 15. Bh3 Rge8 16. O-O Kb8 17. a4 Qa6 18. c3 Ne4 19. Bxd8 Rxd8 20. cxb4 Qb6 21. b5 Bxe5 22. dxe5 Rf8 23. e3 d4 24. Qxd4 Ng5 25. Bg2 Qa5 26. Bxb7 Kxb7 27. Kg2 a6 28. h4 Nf7 29. Qe4+ Kb8 30. bxa6 Qxa6 31. Ra3 Qb6 32. a5 Qb5 33. a6 c6 34. Rc1 Nxe5 35. Rcc3 Kc8 36. Rcb3 Qe2 37. Qf4 Rxf4 38. exf4 Ng4 39. Rf3 Kb8 40. a7+ Ka8 41. h5 Qxb2 42. Rac3 Nxf2 43. Rce3 Nd1+ 44. Kh3 Nxe3 45. Rxe3 Qc2 46. Re5 Kxa7 0-1

[Event "December 12 Early 2023"]
[Site "https://www.chess.com"]
[Date "2023.12.12"]
[Round "8"]
[White "Georg, Heinz"]
[Black "Kuchava, Ana"]
[Result "0-1"]
[Board "143"]
[TimeControl "180+1"]
[WhiteFideId "4607295"]
[BlackFideId "13605348"]
[WhiteElo "2348"]
[BlackElo "2220"]
[WhiteTeam "GER"]
[BlackTeam "GEO"]
[WhiteClock "0:00:15"]
[BlackClock "0:00:22"]

1. e4 c5 2. Nf3 d6 3. Bb5+ Bd7 4. Bxd7+ Qxd7 5. O-O Nc6 6. c3 Nf6 7. Re1 e6 8. d4 cxd4 9. cxd4 d5 10. e5 Ne4 11. Nbd2 Nxd2 12. Bxd2 Be7 13. Rc1 Rc8 14. a3 a6 15. h4 b5 16. Qe2 Qb7 17. b4 Kd7 18. Qd3 h6 19. Rc2 Rc7 20. Rec1 g6 21. g4 h5 22. g5 Rhc8 23. Kg2 Qb6 24. Be3 a5 25. bxa5 Nxa5 26. Rxc7+ Rxc7 27. Rxc7+ Kxc7 28. Qc3+ Nc4 29. Nd2 Qa5 30. Qc2 Qxa3 31. Nb3 Qb2 32. Qxb2 Nxb2 33. Kf1 Kb6 34. Ke2 b4 35. Bc1 Nc4 36. Kd3 Kb5 37. f4 Ka4 38. Nc5+ Bxc5 39. dxc5 Kb5 40. Kd4 b3 41. Kc3 b2 42. Bxb2 Nxb2 43. Kxb2 Kxc5 44. Kc3 d4+ 45. Kd3 Kd5 0-1

[Event "December 12 Early 2023"]
[Site "https://www.chess.com"]
[Date "2023.12.12"]
[Round "8"]
[White "Borawski, Jakub"]
[Black "Gallegos Diaz, Carlos Alberto"]
[Result "1-0"]
[Board "144"]
[TimeControl "180+1"]
[WhiteFideId "1143000"]
[BlackFideId "3900886"]
[WhiteElo "2212"]
[BlackElo "2345"]
[WhiteTeam "POL"]
[BlackTeam "VEN"]
[WhiteClock "0:00:10"]
[BlackClock "0:00:02"]

1. f4 c5 2. e3 Nc6 3. b3 d5 4. Bb2 a6 5. Nf3 Bg4 6. Be2 Bxf3 7. Bxf3 e6 8. O-O Nf6 9. d3 d4 10. exd4 cxd4 11. Nd2 Be7 12. Bxc6+ bxc6 13. Qf3 O-O 14. Nc4 c5 15. Rae1 Re8 16. a4 Qd5 17. Qd1 Rab8 18. h3 Bf8 19. Ba3 Qd8 20. Re5 Nd5 21. Qe1 Qd7 22. Re2 f6 23. Kh1 Bd6 24. Bc1 Bc7 25. Bd2 Re7 26. Qf2 Rbe8 27. Rfe1 Qd8 28. Qf3 Qd7 29. Qg4 g6 30. Qf3 Qd8 31. Re4 Qb8 32. Rf1 Kg7 33. Re2 Qa8 34. Rfe1 Kf7 35. Kg1 f5 36. Qf2 Nf6 37. Bc1 Qb8 38. Rf1 Qc8 39. Ba3 Bb8 40. Rfe1 Nd5 41. Bc1 Nc3 42. Rd2 Qc6 43. Bb2 e5 44. Bxc3 dxc3 45. Rde2 exf4 46. Rxe7+ Rxe7 47. Rxe7+ Kxe7 48. Qh4+ Ke8 49. Qxh7 Qe6 50. Qh8+ Kf7 51. Qxb8 f3 52. Qc7+ Kg8 53. Qb8+ Kh7 54. Qb7+ Kg8 55. Qxf3 Qe1+ 56. Qf1 Qe6 57. Qf2 g5 58. Qxc5 g4 59. Qe5 Qc6 60. hxg4 fxg4 61. Qg5+ Kf8 62. Qf4+ Ke8 63. Qe4+ Kd8 64. Qxc6 1-0

[Event "December 12 Early 2023"]
[Site "https://www.chess.com"]
[Date "2023.12.12"]
[Round "8"]
[White "Buscar, Michael"]
[Black "Arshiya Das"]
[Result "0-1"]
[Board "145"]
[TimeControl "180+1"]
[WhiteFideId "2603616"]
[BlackFideId "25652150"]
[WhiteElo "2328"]
[BlackElo "2211"]
[WhiteTeam "CAN"]
[BlackTeam "IND"]
[WhiteClock "0:01:19"]
[BlackClock "0:01:18"]

1. d4 d5 2. c4 c6 3. Nf3 Nf6 4. g3 e6 5. b3 Nbd7 6. Bb2 Bb4+ 7. Nbd2 Ne4 8. a3 Bxd2+ 9. Nxd2 Nxd2 10. Qxd2 dxc4 11. bxc4 O-O 12. Bg2 Nb6 13. Rc1 Qe7 14. O-O Rd8 15. Qf4 Na4 16. Qd2 e5 17. d5 cxd5 18. cxd5 Nxb2 19. Qxb2 e4 20. Rfd1 Bf5 21. d6 Rxd6 22. Rxd6 Qxd6 23. Qxb7 Re8 24. Qxa7 Qd2 25. Qc5 g6 26. e3 Rd8 27. Qc2 Qxc2 28. Rxc2 Rd1+ 0-1

[Event "December 12 Early 2023"]
[Site "https://www.chess.com"]
[Date "2023.12.12"]
[Round "8"]
[White "Shapiro, Daniel"]
[Black "BestestBP"]
[Result "0-1"]
[Board "146"]
[TimeControl "180+1"]
[WhiteFideId "2001780"]
[WhiteElo "2314"]
[BlackElo "2135"]
[WhiteTeam "USA"]
[WhiteClock "0:00:18"]
[BlackClock "0:00:32"]

1. d4 Nf6 2. c4 e6 3. g3 Bb4+ 4. Bd2 a5 5. Bg2 O-O 6. Nf3 d5 7. Qc2 c5 8. dxc5 d4 9. Bxb4 axb4 10. Nbd2 Nc6 11. O-O e5 12. Rfd1 g6 13. Nb3 Bf5 14. Qc1 Qe7 15. e3 dxe3 16. Qxe3 Bc2 17. Re1 e4 18. Nfd2 Rfe8 19. f3 Ne5 20. fxe4 Nfg4 21. Qf4 Rad8 22. h3 Rxd2 23. Qxd2 Bxb3 24. hxg4 Bxc4 25. Qd4 Rd8 26. Qe3 Nxg4 27. Qf3 Qxc5+ 28. Kh1 Qh5+ 29. Kg1 Qh2# 0-1

[Event "December 12 Early 2023"]
[Site "https://www.chess.com"]
[Date "2023.12.12"]
[Round "8"]
[White "Sarkar, Justin"]
[Black "Negron Lizarazo, Juan Sebastian"]
[Result "0-1"]
[Board "147"]
[TimeControl "180+1"]
[WhiteFideId "2010011"]
[BlackFideId "3936910"]
[WhiteElo "2313"]
[BlackElo "2134"]
[WhiteTeam "USA"]
[BlackTeam "COL"]
[WhiteClock "0:00:00"]
[BlackClock "0:00:11"]

1. d4 Nf6 2. c4 g6 3. Nc3 d5 4. cxd5 Nxd5 5. Qb3 Nxc3 6. bxc3 Bg7 7. Nf3 O-O 8. Ba3 b6 9. e3 Bb7 10. Be2 Nd7 11. O-O Rc8 12. Bb2 c5 13. a4 cxd4 14. cxd4 Nf6 15. a5 Bd5 16. Qa3 Rc2 17. Bd3 Rc7 18. axb6 axb6 19. Ne5 Nd7 20. f4 Nxe5 21. fxe5 Qd7 22. e4 Bc4 23. Bxc4 Rxc4 24. Qb3 Qc6 25. Qd3 Rd8 26. Rac1 Rxc1 27. Rxc1 Qa4 28. d5 Qb4 29. Qd4 Qb3 30. Rf1 Rc8 31. h3 Rc2 0-1

[Event "December 12 Early 2023"]
[Site "https://www.chess.com"]
[Date "2023.12.12"]
[Round "8"]
[White "Tarasova, Viktoriya"]
[Black "Nikulina, Alena"]
[Result "1-0"]
[Board "148"]
[TimeControl "180+1"]
[WhiteFideId "4175840"]
[BlackFideId "4172051"]
[WhiteElo "2312"]
[BlackElo "2063"]
[WhiteTeam "RUS"]
[BlackTeam "RUS"]
[WhiteClock "0:00:42"]
[BlackClock "0:00:01"]

1. d4 d5 2. c4 dxc4 3. e4 e5 4. Nf3 Bb4+ 5. Nbd2 exd4 6. Bxc4 Nf6 7. Bxf7+ Kxf7 8. Qb3+ Ke8 9. Qxb4 Nc6 10. Qb3 Qe7 11. O-O Be6 12. Qxb7 Kd7 13. Qb5 Bg4 14. Nxd4 Qd6 15. Nxc6 Qxc6 16. Qd3+ Ke7 17. e5 Nd5 18. Ne4 Rad8 19. Bg5+ Ke8 20. Bxd8 Nf4 21. Qe3 Ne2+ 22. Kh1 Kxd8 23. Qg5+ Ke8 24. Qxg4 Nd4 25. Rac1 Qa6 26. Nd6+ cxd6 27. Qxd4 dxe5 28. Qxe5+ Kf7 29. Qf5+ Ke7 30. Rfe1+ Kd6 31. Re6+ Kd7 32. Rxa6+ 1-0

[Event "December 12 Early 2023"]
[Site "https://www.chess.com"]
[Date "2023.12.12"]
[Round "8"]
[White "Skiadopoulos, Nikolaos"]
[Black "Nasybullina, Alfia"]
[Result "0-1"]
[Board "149"]
[TimeControl "180+1"]
[WhiteFideId "4200772"]
[BlackFideId "4132416"]
[WhiteElo "1747"]
[BlackElo "2285"]
[WhiteTeam "GRE"]
[BlackTeam "KAZ"]
[WhiteClock "0:00:00"]
[BlackClock "0:01:14"]

1. e4 c6 2. d4 d5 3. e5 Bf5 4. h4 h5 5. Bd3 Bxd3 6. Qxd3 e6 7. c4 dxc4 8. Qxc4 Qd5 9. Qxd5 cxd5 10. Nc3 Nc6 11. Nf3 Bb4 12. O-O Bxc3 13. bxc3 Rc8 14. Bd2 Na5 15. Rfb1 b6 16. Be1 Ne7 17. Ng5 Nf5 18. g3 Rc4 19. Rb5 Ke7 20. Rab1 Rhc8 21. Kf1 f6 22. exf6+ gxf6 23. Nh3 Ra4 24. R1b2 Nc4 25. Re2 Ncd6 26. Rxd5 Kf7 27. Rxf5 Nxf5 28. Nf4 Re8 29. Nxh5 e5 30. dxe5 Rxe5 31. Nf4 Nxh4 32. Nd3 Rxe2 33. Kxe2 Rxa2+ 34. Bd2 Nf3 35. Kxf3 Rxd2 36. Ke3 Ra2 37. f4 a5 38. g4 Ra4 39. g5 fxg5 0-1

[Event "December 12 Early 2023"]
[Site "https://www.chess.com"]
[Date "2023.12.12"]
[Round "8"]
[White "Kopczynski, Michal"]
[Black "Donatti, Alvaro"]
[Result "1-0"]
[Board "150"]
[TimeControl "180+1"]
[WhiteFideId "1124200"]
[BlackFideId "3000303"]
[WhiteElo "2533"]
[BlackElo "2049"]
[WhiteTeam "POL"]
[BlackTeam "URU"]
[WhiteClock "0:01:35"]
[BlackClock "0:00:59"]

1. e4 c5 2. d4 cxd4 3. c3 e6 4. cxd4 d5 5. e5 Nc6 6. f4 Qb6 7. Nf3 Nge7 8. Nc3 Nf5 9. Bb5 Bd7 10. Bxc6 bxc6 11. g4 Nh6 12. h3 c5 13. Ne2 Be7 14. O-O O-O 15. f5 exf5 16. g5 cxd4 17. gxh6 d3+ 18. Ned4 Bc5 19. Be3 f4 20. Bf2 Bxh3 21. Qxd3 f5 22. Ng5 Bxf1 23. Rxf1 Qxh6 24. Nde6 Bxf2+ 25. Rxf2 Rfe8 26. Qxd5 Rxe6 27. Qxa8+ 1-0

[Event "December 12 Early 2023"]
[Site "https://www.chess.com"]
[Date "2023.12.12"]
[Round "8"]
[White "Filipovic, Slobodan J"]
[Black "Llari, Marc"]
[Result "1-0"]
[Board "151"]
[TimeControl "180+1"]
[WhiteFideId "939633"]
[BlackFideId "651044269"]
[WhiteElo "2407"]
[BlackElo "2286"]
[WhiteTeam "SRB"]
[BlackTeam "FRA"]
[WhiteClock "0:01:46"]
[BlackClock "0:02:18"]

1. c4 c5 2. Nc3 Nc6 3. g3 g6 4. Bg2 Bg7 5. d3 d6 6. Qd2 e5 7. b3 Nge7 8. Bb2 O-O 9. e3 f5 10. Nge2 Be6 11. Nd5 Bxd5 12. cxd5 Nb8 13. e4 Nd7 14. O-O b5 15. f4 a5 16. fxe5 Bxe5 17. d4 cxd4 18. Nxd4 Nc5 19. exf5 Bxd4+ 20. Qxd4 Kf7 21. fxg6+ Ke8 22. Rxf8+ Kxf8 23. Qh8+ Ng8 24. gxh7 Ke8 25. hxg8=Q+ Kd7 26. Bh3+ Kc7 27. Qxd8+ Rxd8 28. Qg7+ Kb6 29. Bd4 a4 30. b4 a3 31. Re1 Rd7 32. Qxd7 Ka6 33. Qc6+ Ka7 34. Re7+ Kb8 35. Qe8# 1-0

[Event "December 12 Early 2023"]
[Site "https://www.chess.com"]
[Date "2023.12.12"]
[Round "8"]
[White "Zaichenko, Daria"]
[Black "Petrova, Irina"]
[Result "1-0"]
[Board "152"]
[TimeControl "180+1"]
[WhiteFideId "4197453"]
[BlackFideId "14124122"]
[WhiteElo "2226"]
[BlackElo "2308"]
[WhiteTeam "RUS"]
[BlackTeam "UKR"]
[WhiteClock "0:01:26"]
[BlackClock "0:00:30"]

1. e4 d6 2. d4 Nf6 3. Nc3 e5 4. d5 Be7 5. g3 c6 6. Bg2 cxd5 7. Nxd5 Nxd5 8. exd5 O-O 9. Ne2 f5 10. f4 Nd7 11. O-O e4 12. b3 Nf6 13. c4 b5 14. Nd4 bxc4 15. Nc6 Qc7 16. bxc4 Bb7 17. Nd4 Qxc4 18. Nxf5 Bd8 19. Ba3 Nxd5 20. Nxd6 Qa6 21. Nxb7 Qxb7 22. Bxf8 Bb6+ 23. Kh1 Rxf8 24. Bxe4 Rd8 25. Qb3 Kh8 26. Rad1 Qa6 27. Bxd5 Qe2 28. Qf3 1-0

[Event "December 12 Early 2023"]
[Site "https://www.chess.com"]
[Date "2023.12.12"]
[Round "8"]
[White "Barbot, Pierre"]
[Black "Subramanian, Anusha"]
[Result "0-1"]
[Board "153"]
[TimeControl "180+1"]
[WhiteFideId "663727"]
[BlackFideId "477710"]
[WhiteElo "2305"]
[BlackElo "2058"]
[WhiteTeam "FRA"]
[BlackTeam "ENG"]
[WhiteClock "0:00:00"]
[BlackClock "0:00:04"]

1. e4 c6 2. d4 d5 3. e5 Bf5 4. h4 h5 5. Bd3 Bxd3 6. Qxd3 e6 7. Bg5 Qb6 8. Nd2 c5 9. c4 Ne7 10. Ne2 Nbc6 11. cxd5 Nxd5 12. Nc4 Qc7 13. dxc5 Bxc5 14. O-O O-O 15. Rac1 Be7 16. Bxe7 Qxe7 17. Qg3 g6 18. Nd6 Rfd8 19. Ne4 Rac8 20. N2c3 Nxc3 21. Rxc3 Nd4 22. Nf6+ Kh8 23. Re1 Rxc3 24. bxc3 Nf5 25. Qg5 Qf8 26. g4 hxg4 27. Nxg4 Rd7 28. h5 Qg7 29. h6 Qf8 30. Kg2 Rc7 31. Qf6+ Kh7 32. Rh1 Rxc3 33. Qg5 Rd3 34. Nf6+ Kh8 35. Qc1 Rd8 36. Qc7 Qe7 37. Qc3 Nd4 38. Qg3 Nf5 39. Qg5 Nd4 40. Qf4 Nf5 41. h7 Rd4 42. Qh6 Nxh6 43. Rxh6 Rd8 44. Ne4 Qb4 45. Ng5 Qf4 0-1

[Event "December 12 Early 2023"]
[Site "https://www.chess.com"]
[Date "2023.12.12"]
[Round "8"]
[White "Rose, Felix"]
[Black "Saim, Mohamed Ilias"]
[Result "1-0"]
[Board "154"]
[TimeControl "180+1"]
[WhiteFideId "5105722"]
[BlackFideId "7900465"]
[WhiteElo "2299"]
[BlackElo "2051"]
[WhiteTeam "MEX"]
[BlackTeam "ALG"]
[WhiteClock "0:00:57"]
[BlackClock "0:00:02"]

1. e4 c6 2. d4 d5 3. e5 Bf5 4. h4 h5 5. Bd3 Bxd3 6. Qxd3 Qa5+ 7. Bd2 Qa6 8. e6 Qxd3 9. exf7+ Kxf7 10. cxd3 Nd7 11. Nf3 Nh6 12. O-O Nf5 13. Re1 g6 14. g3 Bh6 15. Bg5 Rhe8 16. Nc3 Bg7 17. Ne5+ Nxe5 18. dxe5 e6 19. a4 Nd4 20. Red1 Bxe5 21. Be3 Nc2 22. Rac1 Nxe3 23. fxe3 Bxc3 24. bxc3 Kg7 25. Rb1 b6 26. a5 b5 27. c4 a6 28. Rdc1 Rac8 29. Rc2 Red8 30. cxb5 cxb5 31. Rbc1 Rxc2 32. Rxc2 Rd6 33. Rc7+ Kf6 34. Rb7 e5 35. d4 exd4 36. exd4 Kf5 37. Kg2 Ke4 38. Rb6 Rd7 39. Rxa6 Kxd4 40. Rxg6 Kc4 41. Rc6+ Kb4 42. a6 d4 43. Rb6 d3 44. Rb7 Rd6 45. a7 Ra6 46. Rd7 Kc3 47. Kf3 Rxa7 48. Rxa7 d2 49. Rc7+ Kd3 50. Rd7+ Kc2 51. Ke2 b4 52. Rxd2+ Kc1 53. Rd5 b3 54. Rxh5 b2 55. Rc5+ Kb1 56. h5 Ka1 57. Ra5+ 1-0

[Event "December 12 Early 2023"]
[Site "https://www.chess.com"]
[Date "2023.12.12"]
[Round "8"]
[White "Hartikainen, Jarmo"]
[Black "Veiga, Jose Francisco R P Neves"]
[Result "1-0"]
[Board "155"]
[TimeControl "180+1"]
[WhiteFideId "503134"]
[BlackFideId "1930087"]
[WhiteElo "2119"]
[BlackElo "2544"]
[WhiteTeam "FIN"]
[BlackTeam "POR"]
[WhiteClock "0:00:38"]
[BlackClock "0:00:55"]

1. e4 g6 2. d4 Bg7 3. Nc3 d5 4. e5 c5 5. dxc5 d4 6. Ne4 Bxe5 7. Nf3 Bg7 8. c3 Nc6 9. Bb5 Bd7 10. cxd4 Qa5+ 11. Nc3 O-O-O 12. O-O Nxd4 13. Nxd4 Bxb5 14. Ncxb5 a6 15. Na7+ Kb8 16. Nac6+ bxc6 17. Nxc6+ Kc8 18. Nxa5 Rxd1 19. Rxd1 Nf6 20. Nc4 Kc7 21. Be3 Kc6 22. Rac1 Ne4 23. b4 Nc3 24. Rd2 Rb8 25. a3 Kb5 26. Nb6 a5 27. Kf1 axb4 28. axb4 Kxb4 29. Bd4 Bxd4 30. Rxd4+ Kxc5 31. Nd7+ Kxd4 32. Nxb8 Kd3 33. Nc6 e6 34. Ne5+ Kd2 35. Rxc3 Kxc3 36. Nxf7 1-0

[Event "December 12 Early 2023"]
[Site "https://www.chess.com"]
[Date "2023.12.12"]
[Round "8"]
[White "Guzman Lozano, Campo Elias"]
[Black "Klinova, Masha"]
[Result "0-1"]
[Board "156"]
[TimeControl "180+1"]
[WhiteFideId "4403746"]
[BlackFideId "2802015"]
[WhiteElo "2187"]
[BlackElo "2507"]
[WhiteTeam "COL"]
[BlackTeam "ISR"]
[WhiteClock "0:00:00"]
[BlackClock "0:00:38"]

1. e4 d6 2. d4 Nf6 3. Nc3 g6 4. f3 a6 5. Bg5 b5 6. Qd2 Nbd7 7. h4 h6 8. Be3 Bg7 9. Nh3 Bb7 10. Nf2 c5 11. dxc5 dxc5 12. Rd1 Qc7 13. g4 e6 14. Bf4 e5 15. Be3 Nb6 16. Qd6 Rc8 17. Qxc7 Rxc7 18. Be2 Ke7 19. O-O Rd8 20. Rxd8 Kxd8 21. Rd1+ Ke7 22. Nd3 Nfd7 23. Nc1 c4 24. a3 h5 25. g5 f6 26. N1a2 fxg5 27. hxg5 Ke6 28. Nb4 Bf8 29. Nbd5 Nxd5 30. Nxd5 Bxd5 31. Rxd5 Bc5 32. Kf2 Bxe3+ 33. Kxe3 Rc5 34. Rd1 Rc6 35. Bf1 Nc5 36. Bh3+ Ke7 37. Rd5 Na4 38. Rxe5+ Kf7 39. f4 Nxb2 40. f5 c3 41. Kd4 Nc4 42. Rd5 Nxa3 43. Rd7+ Kg8 44. Kd5 Rc4 45. f6 Nxc2 46. Be6+ Kh8 47. f7 Rc8 48. Re7 Rf8 49. Kd6 Nd4 50. Bd5 c2 51. Rc7 b4 52. Ke7 Kg7 0-1

[Event "December 12 Early 2023"]
[Site "https://www.chess.com"]
[Date "2023.12.12"]
[Round "8"]
[White "Omariev, Maksim"]
[Black "Tilahun , Abel Mathewos"]
[Result "1-0"]
[Board "157"]
[TimeControl "180+1"]
[WhiteFideId "4193423"]
[BlackFideId "15702391"]
[WhiteElo "2484"]
[BlackElo "2075"]
[WhiteTeam "RUS"]
[BlackTeam "ETH"]
[WhiteClock "0:00:09"]
[BlackClock "0:00:03"]

1. g4 d5 2. Bg2 Bxg4 3. c4 c6 4. Qb3 Nf6 5. Qxb7 Nbd7 6. Nc3 e6 7. h3 Bh5 8. Qxc6 Rc8 9. Qa6 Bc5 10. cxd5 exd5 11. Nxd5 Nxd5 12. Bxd5 O-O 13. Bf3 Qh4 14. e3 Ne5 15. Bxh5 Qxh5 16. Qe2 Qg6 17. f4 Nd3+ 18. Kf1 Rfe8 19. Qg2 Qa6 20. Ne2 Qa4 21. b3 Qd7 22. Rg1 g6 23. Nc3 Nxf4 24. exf4 Bxg1 25. Kxg1 Re1+ 26. Kh2 Rce8 27. Bb2 Qd3 28. Rxe1 Rxe1 29. Qa8+ Kg7 30. Ne4+ Kh6 31. Qf8+ Kh5 32. Ng3+ Qxg3+ 33. Kxg3 Rh1 34. Kg2 Rd1 35. Bc3 Re1 36. Qxf7 Re2+ 37. Kf3 Re4 38. Qxh7# 1-0

[Event "December 12 Early 2023"]
[Site "https://www.chess.com"]
[Date "2023.12.12"]
[Round "8"]
[White "Skurikhin, Dmitrij"]
[Black "Kniazev, Igor"]
[Result "0-1"]
[Board "158"]
[TimeControl "180+1"]
[WhiteFideId "4161297"]
[BlackFideId "4136349"]
[WhiteElo "2312"]
[BlackElo "2051"]
[WhiteTeam "RUS"]
[BlackTeam "RUS"]
[WhiteClock "0:00:00"]
[BlackClock "0:00:20"]

1. d4 Nf6 2. Nf3 c5 3. d5 g6 4. c4 b5 5. cxb5 a6 6. b6 Bg7 7. Nc3 d6 8. a4 Qxb6 9. a5 Qb4 10. Ra4 Qb7 11. e4 Bd7 12. Ra3 Bb5 13. Rb3 O-O 14. Nxb5 axb5 15. Rxb5 Qc7 16. Qa4 Na6 17. Bd2 Nb4 18. Be2 Nxe4 19. Bxb4 cxb4 20. O-O Nf6 21. Qxb4 Rfb8 22. Ra1 Nxd5 23. Qb3 Rxb5 24. Qxb5 e6 25. a6 Qb6 26. Qxb6 Nxb6 27. Ra2 Ra7 28. b4 d5 29. b5 Bf8 30. Rc2 Bb4 31. Rc6 Ba5 32. Ne5 f6 33. Ng4 Kf7 34. h4 d4 35. Bd3 Nd5 36. Bc4 d3 37. Bxd3 Nb4 38. b6 Nxc6 39. bxa7 Nxa7 40. Bc4 Ke7 41. Ne3 Bb6 42. Nc2 Kd6 43. Be2 e5 44. g3 Bc5 45. Kg2 Kd5 46. Ne1 e4 47. h5 Kd4 48. Nc2+ Kc3 49. Ne3 Kd2 50. h6 Kxe2 51. Ng4 f5 52. Nf6 Bxf2 53. Nxh7 Bd4 54. Ng5 Kd2 55. Ne6 Bh8 56. Nf4 e3 57. Kf3 g5 58. Ne2 f4 59. gxf4 g4+ 0-1

[Event "December 12 Early 2023"]
[Site "https://www.chess.com"]
[Date "2023.12.12"]
[Round "8"]
[White "Reinecke, Katharina"]
[Black "Schut, Han"]
[Result "1-0"]
[Board "159"]
[TimeControl "180+1"]
[WhiteFideId "12929727"]
[BlackFideId "1005561"]
[WhiteElo "2011"]
[BlackElo "2283"]
[WhiteTeam "GER"]
[BlackTeam "NED"]
[WhiteClock "0:00:13"]
[BlackClock "0:00:05"]

1. d4 Nf6 2. c4 g6 3. Nf3 Bg7 4. g3 O-O 5. Bg2 d5 6. cxd5 Nxd5 7. O-O c5 8. e3 cxd4 9. Nxd4 a6 10. Qe2 Nb6 11. Rd1 Qc7 12. Nc3 e5 13. Nb3 Be6 14. Bd2 Nc4 15. Rab1 Nc6 16. Nc5 Bf5 17. Qxc4 Bxb1 18. Nxb1 Rfd8 19. Nb3 Rac8 20. Qe2 f5 21. Bc3 e4 22. Bxg7 Kxg7 23. Nc3 Ne5 24. Rd4 Nd3 25. Rxd8 Rxd8 26. Nd4 Kf6 27. g4 Qb6 28. gxf5 gxf5 29. Qh5 Rxd4 30. exd4 Qxd4 31. Qh6+ Kf7 32. Qxh7+ Ke6 33. Qg6+ Ke7 34. Qh7+ Kd8 35. Qg8+ Kc7 36. Qf7+ Kb8 37. Qxf5 Nxb2 38. Qf4+ Ka8 39. Qxe4 Qxc3 40. Qxb7# 1-0

[Event "December 12 Early 2023"]
[Site "https://www.chess.com"]
[Date "2023.12.12"]
[Round "8"]
[White "Franchini, Gabriele"]
[Black "Lohani, Sujana"]
[Result "0-1"]
[Board "160"]
[TimeControl "180+1"]
[WhiteFideId "806790"]
[BlackFideId "12311987"]
[WhiteElo "2274"]
[BlackElo "2001"]
[WhiteTeam "ITA"]
[BlackTeam "NEP"]
[WhiteClock "0:00:00"]
[BlackClock "0:01:27"]

1. e4 c6 2. d4 d5 3. exd5 cxd5 4. Bd3 Nc6 5. c3 Nf6 6. Bf4 g6 7. Nf3 Bf5 8. Ne5 Bxd3 9. Nxd3 Bg7 10. O-O O-O 11. Nd2 Re8 12. Re1 a6 13. Qe2 b5 14. Nb3 Ne4 15. f3 Nd6 16. Bxd6 exd6 17. Qxe8+ Qxe8 18. Rxe8+ Rxe8 19. Kf2 g5 20. Re1 Rxe1 21. Kxe1 Kf8 22. g4 Ke7 23. Nb4 Nxb4 24. cxb4 Ke6 25. Ke2 f5 26. Kd3 fxg4 27. fxg4 h6 28. Na1 Bf6 29. Nc2 Bd8 30. Ne3 a5 31. bxa5 Bxa5 32. Nf5 h5 33. h3 hxg4 34. hxg4 Bb6 35. Ne3 b4 36. Nf5 Ba5 37. Kc2 Bb6 38. Kb3 Bxd4 39. Nxd4+ Ke5 40. Ne2 Ke4 41. Kxb4 Ke3 42. Ng3 Kf4 43. Nf5 Kxg4 44. Nxd6 Kf4 45. Kc3 g4 46. Kd2 g3 47. Ke2 d4 48. a4 d3+ 49. Kf1 d2 50. Ke2 g2 51. a5 d1=Q+ 52. Kxd1 g1=Q+ 53. Kc2 Qc5+ 54. Kb3 Qxd6 55. Kc4 Qc6+ 56. Kb4 Ke4 57. b3 Kd4 0-1

[Event "December 12 Early 2023"]
[Site "https://www.chess.com"]
[Date "2023.12.12"]
[Round "8"]
[White "Golubenko, Valentina"]
[Black "Santos, Isaque Goncalves"]
[Result "1-0"]
[Board "161"]
[TimeControl "180+1"]
[WhiteFideId "4501993"]
[BlackFideId "2103885"]
[WhiteElo "2248"]
[BlackElo "1837"]
[WhiteTeam "CRO"]
[BlackTeam "BRA"]
[WhiteClock "0:00:50"]
[BlackClock "0:00:00"]

1. e4 e6 2. d4 d5 3. exd5 exd5 4. Nf3 Bd6 5. c4 c6 6. Nc3 Ne7 7. cxd5 cxd5 8. Bd3 O-O 9. h3 Nbc6 10. O-O Bf5 11. a3 Qd7 12. Re1 a6 13. Ne5 Qc8 14. Nxc6 bxc6 15. Qf3 Bxd3 16. Qxd3 Qf5 17. Qe3 Ng6 18. Bd2 Rfe8 19. Qxe8+ Rxe8 20. Rxe8+ Nf8 21. Rae1 f6 22. Rd8 Bc7 23. Ra8 Qd3 24. Ree8 Bd6 25. Bf4 1-0

[Event "December 12 Early 2023"]
[Site "https://www.chess.com"]
[Date "2023.12.12"]
[Round "8"]
[White "Olcayoz, Gizem"]
[Black "Yushko, Olga"]
[Result "1-0"]
[Board "162"]
[TimeControl "180+1"]
[WhiteFideId "6301444"]
[BlackFideId "14114500"]
[WhiteElo "2024"]
[BlackElo "2110"]
[WhiteTeam "TUR"]
[BlackTeam "UKR"]
[WhiteClock "0:00:03"]
[BlackClock "0:00:34"]

1. e4 e6 2. d4 d5 3. Nc3 Nf6 4. e5 Nfd7 5. Nce2 c5 6. c3 Nc6 7. Nf3 Qb6 8. a3 cxd4 9. cxd4 Be7 10. h4 O-O 11. Nf4 f6 12. Nxe6 Rf7 13. Nf4 fxe5 14. Nxd5 Qa5+ 15. Nc3 exd4 16. Nxd4 Nxd4 17. Qxd4 Bf6 18. Qb4 Qe5+ 19. Qe4 Qc5 20. Bc4 Bxc3+ 21. bxc3 Qxf2+ 22. Kd1 Nf6 23. Bxf7+ Kxf7 24. Qc4+ Be6 25. Qc7+ Ke8 26. Bd2 Rd8 27. Ra2 Bb3+ 28. Kc1 Ne4 29. Re1 Qxe1+ 30. Bxe1 Bxa2 31. Qe5+ Kf7 32. Qxe4 Bd5 33. Qf4+ Kg8 34. Bd2 Bxg2 35. Qg5 Rf8 36. Qxg2 b6 37. Kc2 Rd8 38. Qe4 h6 39. Qe6+ Kf8 40. Qf5+ Ke7 41. Qg6 Kf8 42. Qf5+ Ke7 43. Qg6 Kf8 44. Be3 Re8 45. Bd4 Re7 46. Kd3 Rf7 47. h5 Rf3+ 48. Kc4 Rf7 49. Kb5 Rd7 50. Ka6 Rf7 51. a4 Rd7 52. Bxg7+ Rxg7 53. Qxh6 Kg8 54. Qxg7+ 1-0

[Event "December 12 Early 2023"]
[Site "https://www.chess.com"]
[Date "2023.12.12"]
[Round "8"]
[White "MasterofMasters2006"]
[Black "Herman, Daniel"]
[Result "0-1"]
[Board "163"]
[TimeControl "180+1"]
[BlackFideId "30935008"]
[WhiteElo "2054"]
[BlackElo "2431"]
[BlackTeam "USA"]
[WhiteClock "0:00:03"]
[BlackClock "0:00:06"]

1. d4 g6 2. c4 Bg7 3. Nf3 d6 4. Nc3 Nf6 5. e4 O-O 6. Be2 e5 7. d5 a5 8. h3 Na6 9. g4 Nc5 10. Nd2 c6 11. h4 a4 12. h5 Qb6 13. g5 Ne8 14. Nf3 Bg4 15. h6 Bh8 16. Qc2 f5 17. Be3 fxe4 18. Nd2 Bf5 19. Ndxe4 cxd5 20. Nxd5 Qd8 21. Bxc5 dxc5 22. Bd3 Bxe4 23. Bxe4 Qxg5 24. Nb6 Rd8 25. Bd5+ Rxd5 26. Nxd5 Nd6 27. Qxa4 Ne4 28. f4 Qg3+ 29. Ke2 Qf2+ 30. Kd3 Nd6 31. Qd7 Qd4+ 32. Ke2 Qxc4+ 33. Kf2 Qd4+ 34. Ne3 Rxf4+ 35. Ke2 Qxb2+ 36. Kd3 e4# 0-1

[Event "December 12 Early 2023"]
[Site "https://www.chess.com"]
[Date "2023.12.12"]
[Round "9"]
[White "Martinez Alcantara, Jose Eduardo"]
[Black "Nepomniachtchi, Ian"]
[Result "1-0"]
[Board "1"]
[TimeControl "180+1"]
[WhiteFideId "3805662"]
[BlackFideId "4168119"]
[WhiteElo "3038"]
[BlackElo "3114"]
[WhiteTeam "PER"]
[BlackTeam "RUS"]
[WhiteClock "0:00:17"]
[BlackClock "0:00:00"]

1. e4 c5 2. Nf3 d6 3. c3 Nf6 4. h3 g6 5. Bd3 Bg7 6. Bc2 e5 7. O-O O-O 8. d3 Nc6 9. Bg5 h6 10. Bxf6 Bxf6 11. Nbd2 Bg7 12. a3 d5 13. b4 cxb4 14. axb4 d4 15. cxd4 Nxd4 16. Nxd4 Qxd4 17. Rb1 Be6 18. Nf3 Qb6 19. Bb3 Rfd8 20. b5 Rac8 21. Bxe6 Qxe6 22. Qa4 Qb6 23. Rfd1 Rc3 24. Ra1 Rcxd3 25. Rxd3 Rxd3 26. Qxa7 Qxb5 27. Qb8+ Kh7 28. Ra8 g5 29. h4 Kg6 30. Qc8 Qd7 31. Qg8 Rxf3 32. h5+ Kxh5 33. gxf3 Kg6 34. Rd8 Qe6 35. Rd3 h5 36. Qb8 Bf6 37. Qg8+ Bg7 38. Qb8 Bf6 39. Rd6 Qe7 40. Qg8+ Kh6 41. Rb6 h4 42. Kg2 g4 43. fxg4 1-0